 Dungeon Crawl Stone Soup version 0.20-a0-229-ge6e0e65 (webtiles) character file.

3136 Hercules the Martial Artist (level 9, 43/43 HPs)
             Began as a Vine Stalker Monk on Nov 30, 2016.
             Was a Follower of Uskayaw.
             Quit the game on level 8 of the Dungeon.
             The game lasted 00:20:18 (6180 turns).

Hercules the Martial Artist (Vine Stalker Monk)     Turns: 6180, Time: 00:20:18

Health: 43/43      AC:  4    Str: 17    XL:     9   Next: 92%
Magic:  14/14      EV: 15    Int: 10    God:    Uskayaw [*.....]
Gold:   327        SH:  0    Dex: 15    Spells: 8/8 levels left

rFire  + . .     SeeInvis .       - Unarmed
rCold  . . .     Gourm    .     a - +0 robe
rNeg   . . .     Faith    .     (no shield)
rPois  .         Spirit   +     (helmet restricted)
rElec  .         Reflect  .     i - +0 cloak
rCorr  .         Harm     .     (no gloves)
MR     +....     Clarity  +     E - +0 pair of boots
Stlth  ++........ Rnd*Tele +    (no amulet)
                                (no ring)
                                g - ring of protection from fire

@: no status effects
A: antennae 1, fangs 3, talons 2, clarity, clumsy 1, frail 1, regeneration 1,
teleportitis 1, magic shield, antimagic bite, no device heal 3, rot immunity
a: Stomp, Renounce Religion


You were on level 8 of the Dungeon.
You worshipped Uskayaw.
Uskayaw was noncommittal.
You were hungry.

You visited 1 branch of the dungeon, and saw 8 of its levels.

You collected 327 gold pieces.

Inventory:

Armour
 a - a +0 robe (worn)
 i - a +0 cloak (worn)
 l - a +1 helmet
 E - a +0 pair of boots (worn)
Magical Staves
 k - an uncursed staff of conjuration {unknown}
Jewellery
 g - a ring of protection from fire (left hand)
Wands
 d - a wand of digging (22/24)
 f - a wand of heal wounds (2/9)
 m - a wand of iceblast (6/15)
 o - a wand of slowing (22/48)
 w - a wand of iceblast (9/15)
 y - a wand of confusion (9/48)
 G - a wand of slowing (23/48)
Scrolls
 h - a scroll of remove curse
 j - a scroll of recharging
 s - a scroll of enchant weapon
 u - 2 scrolls of noise
 v - a scroll of amnesia
 x - 3 scrolls of teleportation
 H - 2 scrolls of identify
Potions
 e - a potion of cancellation
 n - 4 potions of curing
 q - a potion of haste
 r - a potion of lignification
 A - 3 potions of might
Comestibles
 b - 3 bread rations
 c - 5 beef jerkies
 p - 3 meat rations
 z - 2 fruits
 B - 3 slices of pizza


   Skills:
 - Level 6.0 Fighting
 - Level 5.2 Dodging
 - Level 2.4 Stealth
 + Level 9.7 Unarmed Combat
 + Level 5.4 Invocations


You had 8 spell levels left.
You didn't know any spells.

Dungeon Overview and Level Annotations

Branches:
Dungeon (8/15)             Temple (0/1) D:6
   Lair: D:8-11

Altars:
Cheibriados
Dithmenos
Fedhas
Gozag
Hepliaklqana
Nemelex Xobeh
Okawaru
Qazlal
Trog
Uskayaw
Vehumet
Zin
The Shining One

Shops:
D:4 (

Annotations:
D:4 1 runed door


Innate Abilities, Weirdness & Mutations

You have razor-sharp teeth.
Your natural rate of healing is unusually fast.
When hurt, damage is shared between your health and your magic reserves.
Your bite disrupts and absorbs the magic of your enemies.
Potions and wands cannot restore your health.
You are immune to rotting.
You have a pair of small antennae on your head.
You have razor-sharp toenails.
You possess an exceptional clarity of mind.
You are clumsy. (Dex -2)
You are frail. (-10% HP)
You are occasionally teleported next to monsters.


Message History

Found a plate armour.
Found a long sword.
t - a jade ring Put on which piece of jewellery? (? for menu, Esc to quit)
You feel slightly jumpy.
Oops, that ring feels deathly cold.
t - a cursed ring of teleportation (right hand)
You are feeling hungry.
As you read the scroll of remove curse, it crumbles to dust.
You feel as if something is helping you.
Drop what? 31/52 slots (_ for help) (? for menu, Esc to quit)
You remove your ring of teleportation.
You drop an uncursed ring of teleportation.
t - a lumpy silvery potion
As you read the scroll of identify, it crumbles to dust.
t - a potion of mutation You feel extremely strange.
You feel weirdly uncertain.
You feel clumsy. A pair of antennae grows on your head!
Your +1 helmet falls away!
Are you sure you want to abandon this character and quit the game? (Confirm with "yes".)

#....(((.###.(.(.....###
#....≈≈####(........##
#....≈..)).........##
##...≈≈####...#...##
#......# ##......#
#...)..# #.###..#
##.....# #.# #..#
#####.####.###..#
#@.......=..##
######.#....)#
#[.....######
###..........
###.####### #.# #.# #.#
#.#


There were no monsters in sight!

Vanquished Creatures
  Pikel (D:7)
  Menkaure (D:5)
  An ice beast (D:5)
  A necrophage (D:7)
  4 ogres
  2 sky beasts (D:5)
  4 phantoms
  2 centaurs
  3 bullfrogs
  2 scorpions
  4 wights
  A crimson imp (D:5)
  4 howler monkeys
  A bullfrog zombie (D:6)
  4 hounds
  2 jellies (D:5)
  5 orc wizards
  2 centaur skeletons
  An iguana (D:6)
  3 worker ants
  A hound zombie (D:7)
  A worker ant zombie (D:5)
  Robin (D:3)
  4 adders
  An ooze (D:5)
  An adder zombie (D:5)
  4 worms
  2 dart slugs
  3 leopard geckos
  17 orcs
  3 giant cockroaches
  12 goblins
  9 hobgoblins
  7 jackals
  3 kobolds
  3 quokkas
  2 ball pythons
  7 bats
  2 frilled lizards
  A jackal skeleton (D:6)
  A leopard gecko skeleton (D:5)
  10 rats
  A plant (D:5)
144 creatures vanquished.

Vanquished Creatures (others)
  A slave (D:7)
  A sky beast (D:7)
  A worker ant (D:7)
  An adder (D:7)
  A bush (D:8)
  A fungus (D:5)
6 creatures vanquished.

Grand Total: 150 creatures vanquished

Notes
Turn   | Place    | Note
-------+----------+-------------------------------------------
     0 | D:1      | Hercules the Vine Stalker Monk began the quest for the Orb.
     0 | D:1      | Reached XP level 1. HP: 11/11 MP: 2/2
   581 | D:1      | Reached XP level 2. HP: 13/16 MP: 1/3
   995 | D:2      | Reached XP level 3. HP: 8/19 MP: 2/4
  1102 | D:2      | Found an opulent altar of Gozag.
  1844 | D:4      | Reached skill level 4 in Unarmed Combat
  1844 | D:4      | Gained mutation: Your natural rate of healing is unusually fast. [Vine Stalker growth]
  1844 | D:4      | Reached XP level 4. HP: 3/23 MP: 3/5
  1997 | D:3      | Reached XP level 5. HP: 27/27 MP: 6/6
  2511 | D:3      | Noticed Robin
  2572 | D:3      | Killed Robin
  2732 | D:4      | Found a glowing silver altar of Zin.
  2732 | D:4      | Noticed an angel
  2733 | D:4      | Found a runed door.
  2765 | D:4      | Found a shadowy altar of Dithmenos.
  2949 | D:4      | Found a sparkling altar of Nemelex Xobeh.
  2956 | D:4      | Noticed an ogre
  2961 | D:4      | Killed an ogre
  2961 | D:4      | Reached skill level 5 in Unarmed Combat
  2961 | D:4      | Reached XP level 6. HP: 18/32 MP: 4/7
  2982 | D:4      | Found Faonkeet's Antique Weapon Emporium.
  3047 | D:4      | Found a snail-covered altar of Cheibriados.
  3050 | D:4      | Found a stormy altar of Qazlal.
  3191 | D:4      | Found a radiant altar of Vehumet.
  3196 | D:4      | Noticed a phantom
  3229 | D:4      | Killed a phantom
  3256 | D:4      | Reached XP level 7. HP: 32/35 MP: 8/8
  3376 | D:5      | Entered Level 5 of the Dungeon
  3478 | D:5      | Reached skill level 5 in Dodging
  3566 | D:5      | Found a bloodstained altar of Trog.
  3649 | D:5      | Noticed Menkaure
  3653 | D:5      | Found a blossoming altar of Fedhas.
  3663 | D:5      | Killed Menkaure
  3663 | D:5      | Reached skill level 6 in Unarmed Combat
  3849 | D:5      | Gained mutation: You have razor-sharp teeth. [Vine Stalker growth]
  3849 | D:5      | Reached XP level 8. HP: 16/42 MP: 6/9
  4007 | D:5      | Found an opulent altar of Gozag.
  4210 | D:5      | Reached skill level 7 in Unarmed Combat
  4548 | D:5      | Reached skill level 5 in Fighting
  4553 | D:5      | Gained mutation: You possess an exceptional clarity of mind. [mutagenic meat]
  4555 | D:5      | Gained mutation: You are frail. (-10% HP) [mutagenic meat]
  4556 | D:5      | Gained mutation: You have sharp toenails. [mutagenic meat]
  4557 | D:5      | Gained mutation: You have supernaturally acute eyesight. (SInv) [mutagenic meat]
  4684 | D:6      | Found a hide-covered altar of Uskayaw.
  4694 | D:6      | Became a worshipper of Uskayaw the Reveler
  4694 | D:6      | Reached * piety under Uskayaw
  4773 | D:6      | Reached skill level 8 in Unarmed Combat
  4773 | D:6      | Reached ** piety under Uskayaw
  4815 | D:6      | Found a staircase to the Ecumenical Temple.
  4827 | D:6      | Reached skill level 1 in Invocations
  4827 | D:6      | Reached XP level 9. HP: 43/43 MP: 10/10
  4902 | D:6      | Found a glowing golden altar of the Shining One.
  5020 | D:6      | Found an iron altar of Okawaru.
  5124 | D:7      | Noticed Pikel
  5135 | D:7      | Gained mutation: You have razor-sharp toenails. [potion of beneficial mutation]
  5143 | D:7      | Killed Pikel
  5143 | D:7      | Reached skill level 9 in Unarmed Combat
  5391 | D:7      | Lost mutation: You have supernaturally acute eyesight. (SInv) [mutagenic meat]
  5397 | D:7      | Found a hazy altar of Hepliaklqana.
  5844 | D:8      | Reached *** piety under Uskayaw
  5847 | D:8      | Reached **** piety under Uskayaw
  5848 | D:8      | Reached ***** piety under Uskayaw
  5859 | D:8      | Reached skill level 5 in Invocations
  5866 | D:8      | Found a hide-covered altar of Uskayaw.
  5998 | D:8      | Found a glowing silver altar of Zin.
  6179 | D:8      | Gained mutation: You are occasionally teleported next to monsters. [potion of mutation]
  6179 | D:8      | Gained mutation: You are clumsy. (Dex -2) [potion of mutation]
  6179 | D:8      | Gained mutation: You have a pair of small antennae on your head. [potion of mutation]
  6180 | D:8      | Quit the game

Vault maps used:
D:1:      minmay_arrival_four_houses, minmay_misc_feat_rugged
D:2:      lemuel_crystal_altar
D:3:      kennysheep_cluttered_room, uniq_robin
D:4:      minitemple, old_standard_altar, old_standard_altar,
          nemelex_xobeh_ov_fountains_minmay, serial_shops, shop,
          lemuel_angel_altar
D:5:      fedhas_altar_3, old_standard_altar, first_bread, grunt_ministairs_8,
          nicolae_gozag_cash_rules_everything_around_me, uniq_menkaure
D:6:      eat_drink_and_be_merry_uskayaw, tso_altar, kennysheep_okawaru_gauntlet
D:7:      marbit_many_paths, uniq_pikel
D:8:      nicolae_overflow_crystal_walls, lair_entry_dummy, basic_altar,
          kb_lookout_dungeons_type

Skill      XL: |  1  2  3  4  5  6  7  8  9 |
---------------+----------------------------+-----
Dodging        | 3 4 5 |  5.2
Unarmed Combat | 4 5 6 8 9 |  9.7
Fighting       | 3 5 6 |  6.0
Invocations    | 1 5 |  5.4
Stealth        | |  2.4

Action                   |  1- 3 |  4- 6 |  7- 9 || total
-------------------------+-------+-------+-------++-------
Melee: Unarmed           |    90 |   157 |   378 ||   625
       Bite              |    14 |    47 |   149 ||   210
       Punch             |     1 |     3 |    20 ||    24
Invok: Stomp             |       |       |     2 ||     2
Evoke: Wand              |       |       |     1 ||     1
  Use: Potion            |     3 |     1 |     8 ||    12
       Scroll            |       |     4 |    12 ||    16
 Stab: Sleeping          |     3 |     5 |     6 ||    14
       Invisible         |     1 |       |       ||     1
       Paralysed         |       |       |     4 ||     4
  Eat: Chunk             |     3 |     4 |    16 ||    23
Armor: Robe              |    17 |    21 |    62 ||   100
       Skin              |       |       |    11 ||    11
Dodge: Dodged            |    57 |   122 |   221 ||   400
